AAA WEST
ROUND ROCK EXPRESS @ ALBUQUERQUE ISOTOPES
04/28/2042
 
TOP OF THE 1ST
Round Rock Express batting - Pitching for Albuquerque Isotopes : LHP José Ramírez
Pitching: LHP José Ramírez
Batting: RHB Alex Crowe 0-0: Fly out, F9 (Line Drive, 9, EV 88.1 MPH)
Batting: LHB Kieran Wright 0-0: Ball
1-0: Ball
2-0: Called Strike
2-1: Ground out U3 (Groundball, 34S, EV 80.0 MPH)
Batting: RHB Ken Hanson 0-0: Ball
1-0: SINGLE (Groundball, 4MD, EV 96.3 MPH)
Batting: LHB Greg Ibáñez 0-0: Called Strike
Ken Hanson steals 2nd base
0-1: Swinging Strike
0-2: Ball
1-2: Ground out 3-1 (Groundball, 34, EV 101.3 MPH)
Top of the 1st over - 0 runs, 1 hit, 0 errors, 1 left on base; Round Rock 0 - Albuquerque 0
BOTTOM OF THE 1ST
Albuquerque Isotopes batting - Pitching for Round Rock Express : RHP Darrell Bailey
Pitching: RHP Darrell Bailey
Batting: RHB Dave Johnson 0-0: Fly out, F8 (Flyball, 8RXD, EV 111.3 MPH)
Batting: RHB Ken Keith 0-0: Called Strike
0-1: DOUBLE (Flyball, 89D, EV 103.1 MPH)
Batting: LHB Andy Bean 0-0: Called Strike
0-1: Ball
1-1: Ball
2-1: Ball
3-1: Called Strike
3-2: SINGLE (Groundball, 34D, EV 95.0 MPH)
Ken Keith to third
Batting: LHB José De Los Santos 0-0: Foul Ball, location: 5F
0-1: Ball
1-1: Foul Ball, location: 25F
1-2: Ball
2-2: Ball
3-2: Foul Ball, location: 5SF
3-2: SINGLE (Groundball, 6MD, EV 105.0 MPH)
Ken Keith scores
Andy Bean to second
Batting: RHB Juan Ortíz 0-0: Swinging Strike
0-1: Swinging Strike
0-2: Strikes out swinging
Batting: LHB Alex Battle 0-0: Ball
1-0: Foul Ball, location: 7LSF
1-1: Called Strike
1-2: Fly out, F9 (Flyball, 9S, EV 90.6 MPH)
Bottom of the 1st over - 1 run, 3 hits, 0 errors, 2 left on base; Round Rock 0 - Albuquerque 1
TOP OF THE 2ND
Round Rock Express batting - Pitching for Albuquerque Isotopes : LHP José Ramírez
Batting: RHB Jim Unknown 0-0: Ball
1-0: SINGLE (Groundball, P, EV 83.8 MPH) (infield hit)
Batting: RHB Jim Unknown 0-0: Called Strike
Jim Unknown steals 2nd, throwing error, E2
Jim Unknown to third
0-1: Ball
1-1: Foul Ball, location: 2F
1-2: Ball
2-2: SINGLE (Groundball, 6M, EV 86.3 MPH) (infield hit)
Jim Unknown scores
Batting: RHB Jim Unknown 0-0: Bunted foul
0-1: Bunt - Flyout to 2R! F2
Batting: SHB Darrell Bailey 0-0: Called Strike
0-1: Swinging Strike
0-2: Foul Ball, location: 23FF
0-2: Strikes out swinging
Batting: LHB Jim Unknown 0-0: Ball
1-0: Fly out, F4 (Popup, 4, EV 65.6 MPH)
Top of the 2nd over - 1 run, 2 hits, 1 error, 1 left on base; Round Rock 1 - Albuquerque 1
BOTTOM OF THE 2ND
Albuquerque Isotopes batting - Pitching for Round Rock Express : RHP Darrell Bailey
Batting: LHB Ernesto Ledezma 0-0: Ball
1-0: Ball
2-0: Ball
3-0: Called Strike
3-1: Foul Ball, location: 2F
3-2: Strikes out looking
Batting: RHB Lúcio Rodríguez 0-0: Foul Ball, location: 23FF
0-1: Fly out, F6 (Popup, 6S, EV 71.3 MPH)
Batting: RHB Adrián Pacheco 0-0: Foul Ball, location: 3F
0-1: Foul Ball, location: 3F
0-2: Foul Ball, location: 5DF
0-2: Ball
1-2: Fly out, F9 (Flyball, 9LM, EV 97.5 MPH)
Bottom of the 2nd over - 0 runs, 0 hits, 0 errors, 0 left on base; Round Rock 1 - Albuquerque 1
TOP OF THE 3RD
Round Rock Express batting - Pitching for Albuquerque Isotopes : LHP José Ramírez
Batting: RHB Alex Crowe 0-0: Swinging Strike
0-1: Swinging Strike
0-2: Ground out 5-3 (Groundball, 15, EV 90.0 MPH)
Batting: LHB Kieran Wright 0-0: Called Strike
0-1: Swinging Strike
0-2: Strikes out looking
Batting: RHB Ken Hanson 0-0: Ball
1-0: Called Strike
1-1: Ball
2-1: Swinging Strike
2-2: Foul Ball, location: 5FF
2-2: Strikes out swinging
Top of the 3rd over - 0 runs, 0 hits, 0 errors, 0 left on base; Round Rock 1 - Albuquerque 1
BOTTOM OF THE 3RD
Albuquerque Isotopes batting - Pitching for Round Rock Express : RHP Darrell Bailey
Batting: RHB Dave Johnson 0-0: Ball
1-0: Called Strike
1-1: Ball
2-1: Swinging Strike
2-2: Fly out, F8 (Flyball, 8RD, EV 91.3 MPH)
Batting: RHB Ken Keith 0-0: SOLO HOME RUN (Flyball, 7D, EV 95.6 MPH), Distance : 375 ft
Batting: LHB Andy Bean 0-0: Foul Ball, location: 7LDF
0-1: Ball
1-1: Ground out 4-3 (Groundball, 4, EV 85.0 MPH)
Batting: LHB José De Los Santos 0-0: Ball
1-0: Ball
2-0: Called Strike
2-1: Ball
3-1: Foul Ball, location: 23FF
3-2: Fly out, F8 (Flyball, 89XD, EV 110.6 MPH)
Bottom of the 3rd over - 1 run, 1 hit, 0 errors, 0 left on base; Round Rock 1 - Albuquerque 2
TOP OF THE 4TH
Round Rock Express batting - Pitching for Albuquerque Isotopes : LHP José Ramírez
Batting: LHB Greg Ibáñez 0-0: Ball
1-0: Ground out U3 (Groundball, 3, EV 91.3 MPH)
Batting: RHB Jim Unknown 0-0: Fly out, F8 (Flyball, 8LM, EV 78.8 MPH)
Batting: RHB Jim Unknown 0-0: Fly out, F6 (Popup, 56, EV 65.0 MPH)
Top of the 4th over - 0 runs, 0 hits, 0 errors, 0 left on base; Round Rock 1 - Albuquerque 2
BOTTOM OF THE 4TH
Albuquerque Isotopes batting - Pitching for Round Rock Express : RHP Darrell Bailey
Batting: RHB Juan Ortíz 0-0: Called Strike
0-1: Called Strike
0-2: Ball
1-2: Ball
2-2: Foul Ball, location: 23F
2-2: Ball
3-2: Foul Ball, location: 2F
3-2: Strikes out swinging
Batting: LHB Alex Battle 0-0: Swinging Strike
0-1: Ball
1-1: Swinging Strike
1-2: Strikes out swinging
Batting: LHB Ernesto Ledezma 0-0: Called Strike
0-1: Ball
1-1: Fly out, F7 (Flyball, 7D, EV 103.1 MPH)
Bottom of the 4th over - 0 runs, 0 hits, 0 errors, 0 left on base; Round Rock 1 - Albuquerque 2
TOP OF THE 5TH
Round Rock Express batting - Pitching for Albuquerque Isotopes : LHP José Ramírez
Batting: RHB Jim Unknown 0-0: Ball
1-0: SINGLE (Groundball, 56D, EV 87.5 MPH) (infield hit)
Batting: SHB Darrell Bailey 0-0: Ball
1-0: Called Strike
Jim Unknown is caught stealing 2nd base 2-4
1-1: Ball
2-1: Foul Ball, location: 2F
2-2: Ground out 6-3 (Groundball, 56, EV 85.6 MPH)
Batting: LHB Jim Unknown 0-0: Ball
1-0: Ball
2-0: Called Strike
2-1: Ball
3-1: Swinging Strike
3-2: Fly out, F8 (Flyball, 8LD, EV 106.9 MPH)
Top of the 5th over - 0 runs, 1 hit, 0 errors, 0 left on base; Round Rock 1 - Albuquerque 2
BOTTOM OF THE 5TH
Albuquerque Isotopes batting - Pitching for Round Rock Express : RHP Darrell Bailey
Batting: RHB Lúcio Rodríguez 0-0: Ball
1-0: Fly out, F9 (Flyball, 89S, EV 96.3 MPH)
Batting: RHB Adrián Pacheco 0-0: Called Strike
0-1: Swinging Strike
0-2: Ball
1-2: Foul Ball, location: 2F
1-2: Ball
2-2: Strikes out looking
Batting: RHB Dave Johnson 0-0: Foul Ball, location: 7LMF
0-1: Foul Ball, location: 2F
0-2: Strikes out swinging
Bottom of the 5th over - 0 runs, 0 hits, 0 errors, 0 left on base; Round Rock 1 - Albuquerque 2
TOP OF THE 6TH
Round Rock Express batting - Pitching for Albuquerque Isotopes : LHP José Ramírez
Batting: RHB Alex Crowe 0-0: Foul Ball, location: 2RF
0-1: Foul Ball, location: 7LSFF
0-2: Ball
1-2: SINGLE (Line Drive, 3D, EV 71.9 MPH)
Batting: LHB Kieran Wright 0-0: Bunted foul
0-1: Sac Bunt to 3S - play at first, batter OUT! 3-1
Alex Crowe to second
Batting: RHB Ken Hanson 0-0: Ball
1-0: Foul Ball, location: 9LSF
1-1: Ground out 5-3 (Groundball, 56, EV 102.5 MPH)
Batting: LHB Greg Ibáñez 0-0: Foul Ball, location: 9LSF
0-1: SINGLE (Groundball, 13, EV 64.4 MPH) (infield hit)
Alex Crowe to third
Batting: RHB Jim Unknown 0-0: Called Strike
0-1: SINGLE (Line Drive, 8RS, EV 105.6 MPH)
Alex Crowe scores
Greg Ibáñez to second
Throwing error, E8
Greg Ibáñez scores
Jim Unknown to second
Batting: RHB Jim Unknown 0-0: Ball
1-0: Called Strike
1-1: Called Strike
1-2: SINGLE (Groundball, 6MD, EV 101.3 MPH)
Jim Unknown to third
Throwing error, E8
Jim Unknown scores
Jim Unknown to second
Batting: RHB Jim Unknown 0-0: Called Strike
0-1: Foul Ball, location: 2F
0-2: Foul Ball, location: 2F
0-2: Strikes out swinging
Top of the 6th over - 3 runs, 4 hits, 2 errors, 1 left on base; Round Rock 4 - Albuquerque 2
BOTTOM OF THE 6TH
Albuquerque Isotopes batting - Pitching for Round Rock Express : RHP Darrell Bailey
Batting: RHB Ken Keith 0-0: Ball
1-0: Called Strike
1-1: Foul Ball, location: 7LMF
1-2: Foul Ball, location: 9LMF
1-2: SINGLE (Line Drive, 6MD, EV 108.8 MPH)
Batting: LHB Andy Bean 0-0: Ball
1-0: Ball
2-0: Fly out, F6 (Line Drive, 6M, EV 65.6 MPH)
Batting: LHB José De Los Santos 0-0: Ball
1-0: Called Strike
1-1: Ball
2-1: Swinging Strike
2-2: Ball
3-2: Strikes out looking
Batting: RHB Juan Ortíz 0-0: Ball
1-0: SINGLE (Line Drive, 78S, EV 95.0 MPH)
Ken Keith to second
Pinch Runner at 2nd Cliff Miller:
Batting: LHB Alex Battle 0-0: Fielders Choice at 2nd, 6-4 (Groundball, 6, EV 105.0 MPH)
Bottom of the 6th over - 0 runs, 2 hits, 0 errors, 2 left on base; Round Rock 4 - Albuquerque 2
TOP OF THE 7TH
Round Rock Express batting - Pitching for Albuquerque Isotopes : LHP José Ramírez
Now at 1B: Cliff Miller
Batting: SHB Darrell Bailey 0-0: Ball
1-0: Called Strike
1-1: DOUBLE (Line Drive, 78D, EV 104.4 MPH)
Batting: LHB Jim Unknown 0-0: Called Strike
0-1: Ball
1-1: Sac Bunt to 13S - play at first, batter OUT! 1-4
Darrell Bailey to third
Batting: RHB Alex Crowe 0-0: Foul Ball, location: 7LDF
0-1: SINGLE (Groundball, 6MS, EV 58.1 MPH) (infield hit)
Darrell Bailey scores
Pitching: RHP Jim Henderson
Batting: LHB Kieran Wright 0-0: Ball
1-0: Called Strike
Alex Crowe steals 2nd base
1-1: Ground out 6-3 (Groundball, 6, EV 75.6 MPH)
Alex Crowe to third
Batting: RHB Ken Hanson 0-0: Ball
1-0: Ground out 2-3 (Groundball, 15S, EV 64.4 MPH)
Top of the 7th over - 1 run, 2 hits, 0 errors, 1 left on base; Round Rock 5 - Albuquerque 2
BOTTOM OF THE 7TH
Albuquerque Isotopes batting - Pitching for Round Rock Express : RHP Darrell Bailey
Batting: LHB Ernesto Ledezma 0-0: Swinging Strike
0-1: Called Strike
0-2: Ball
1-2: DOUBLE (Line Drive, 3D, EV 99.4 MPH)
Batting: RHB Lúcio Rodríguez 0-0: Foul Ball, location: 2F
0-1: Ball
1-1: Ball
2-1: Fly out, F9 (Flyball, 9, EV 85.6 MPH)
Batting: RHB Adrián Pacheco 0-0: SINGLE (Groundball, 56D, EV 99.4 MPH)
Ernesto Ledezma to third
Throwing error, E7
Ernesto Ledezma scores
Adrián Pacheco to second
Batting: RHB Dave Johnson 0-0: Ball
1-0: Ball
2-0: Foul Ball, location: 25FF
2-1: Ball
3-1: Fly out, F2 (Popup, 3SF, EV 80.0 MPH)
Pitching: RHP Joe Blevins
Batting: SHB Cliff Miller 0-0: Ball
1-0: Ball
2-0: Called Strike
2-1: Ball
3-1: Base on Balls
Batting: LHB Andy Bean 0-0: SINGLE (Groundball, 4MD, EV 98.8 MPH)
Adrián Pacheco to third
Cliff Miller to second
Runner from 3rd tries for Home, throw by CF and OUT! 8-2
Bottom of the 7th over - 1 run, 3 hits, 1 error, 2 left on base; Round Rock 5 - Albuquerque 3
TOP OF THE 8TH
Round Rock Express batting - Pitching for Albuquerque Isotopes : RHP Jim Henderson
Batting: LHB Greg Ibáñez 0-0: Foul Ball, location: 2F
0-1: Ball
1-1: Foul Ball, location: 5DF
1-2: Strikes out swinging
Batting: RHB Jim Unknown 0-0: Ball
1-0: Swinging Strike
1-1: Swinging Strike
1-2: Strikes out looking
Batting: RHB Jim Unknown 0-0: Ground out U3 (Groundball, 3, EV 83.1 MPH)
Top of the 8th over - 0 runs, 0 hits, 0 errors, 0 left on base; Round Rock 5 - Albuquerque 3
BOTTOM OF THE 8TH
Albuquerque Isotopes batting - Pitching for Round Rock Express : RHP Joe Blevins
Batting: LHB José De Los Santos 0-0: Ball
1-0: Ground out U3 (Groundball, 34, EV 96.9 MPH)
Pinch Hitting: LHB Luis Rodríguez 0-0: Ball
1-0: Ball
2-0: Foul Ball, location: 3F
2-1: Called Strike
2-2: Ground out U3 (Groundball, 3, EV 104.4 MPH)
Batting: LHB Alex Battle 0-0: Called Strike
0-1: Foul Ball, location: 3FF
0-2: Ball
1-2: Ball
2-2: SINGLE (Line Drive, 9S, EV 110.0 MPH)
Batting: LHB Ernesto Ledezma 0-0: Ball
1-0: Foul Ball, location: 5F
1-1: Fielders Choice at 2nd, 6-4 (Groundball, 56, EV 78.1 MPH)
Bottom of the 8th over - 0 runs, 1 hit, 0 errors, 1 left on base; Round Rock 5 - Albuquerque 3
TOP OF THE 9TH
Round Rock Express batting - Pitching for Albuquerque Isotopes : RHP Jim Henderson
Now at SS: Luis Rodríguez
Batting: RHB Jim Unknown 0-0: Ground out 5-3 (Groundball, 5, EV 87.5 MPH)
Batting: SHB Darrell Bailey 0-0: Ball
1-0: Fly out, F7 (Flyball, 7, EV 95.6 MPH)
Batting: LHB Jim Unknown 0-0: Ball
1-0: Swinging Strike
1-1: Ball
2-1: Ball
3-1: Base on Balls
Batting: RHB Alex Crowe 0-0: Called Strike
0-1: Called Strike
0-2: Ball
1-2: SINGLE (Groundball, 6MD, EV 103.8 MPH)
Jim Unknown to second
Runner from 2nd tries for 3rd, OUT! 8-5
Top of the 9th over - 0 runs, 1 hit, 0 errors, 1 left on base; Round Rock 5 - Albuquerque 3
BOTTOM OF THE 9TH
Albuquerque Isotopes batting - Pitching for Round Rock Express : RHP Joe Blevins
Pitching: RHP Jim Rose
Batting: RHB Lúcio Rodríguez 0-0: Ball
1-0: DOUBLE (Line Drive, 89D, EV 110.0 MPH)
Pinch Hitting: RHB Jim Kennedy 0-0: Called Strike
0-1: Ball
1-1: Ball
2-1: Foul Ball, location: 25FF
2-2: Ball
3-2: Base on Balls
Pinch Runner at 2nd Sam Phillips:
Batting: RHB Dave Johnson 0-0: Ball
1-0: Swinging Strike
1-1: Ball
2-1: Foul Ball, location: 9LSF
2-2: Ground out 6-3 (Groundball, 6M, EV 86.3 MPH)
Sam Phillips to third
Jim Kennedy to second
Batting: SHB Cliff Miller 0-0: Called Strike
0-1: Ball
1-1: Ball
2-1: Foul Ball, location: 7LSF
2-2: Strikes out swinging
Batting: LHB Andy Bean 0-0: Called Strike
0-1: Ball
1-1: Ball
2-1: Ball
3-1: Swinging Strike
3-2: Foul Ball, location: 7LSF
3-2: DOUBLE (Line Drive, 3D, EV 110.6 MPH)
Sam Phillips scores
Jim Kennedy scores
Batting: LHB José De Los Santos 0-0: Foul Ball, location: 2F
0-1: Swinging Strike
0-2: DOUBLE (Flyball, 8RXD, EV 96.3 MPH)
Andy Bean scores
Bottom of the 9th over - 3 runs, 3 hits, 0 errors, 1 left on base; Round Rock 5 - Albuquerque 6
Friday, May 3rd , 2024 - OOTP Baseball 24.10 Build 82